[Event "Early-Titled-Tuesday-Blitz-May-14-2024"]
[Site "Chess.com"]
[Date "2024.05.14"]
[Round "7"]
[White "vladgoncharov"]
[Black "DenisQ"]
[Result "1/2-1/2"]
[WhiteElo "2573"]
[BlackElo "2721"]
[TimeControl "180+1"]
[EndTime "9:19:40 PDT"]
[Termination "Game drawn by repetition"]

1. d4 d5 2. c4 c6 3. Nf3 Nf6 4. e3 Bf5 5. cxd5 cxd5 6. Nc3 Nc6 7. Qb3 Na5 8. Bb5+ Bd7 9. Qa4 Nc6 10. Ne5 Rc8 11. Nxd7 Qxd7 12. O-O e6 13. Bd2 a6 14. Be2 Bd6 15. g3 O-O 16. Rac1 Rc7 17. Rfd1 Rfc8 18. a3 Qd8 19. b4 Na7 20. Qb3 g6 21. Rc2 Ne4 22.
Be1 Nb5 23. Rdc1 Nbxc3 24. Bxc3 h5 25. Be1 Rxc2 26. Rxc2 Rxc2 27. Qxc2 h4 28. Kg2 Kg7 29.
f3 Nf6 30. gxh4 Nh5 31. f4 Kh6 32. Kh3 Ng7 33. Bd3 Nh5 34. Be2 Ng7 35. Bd3 Nh5 36.
Be2 1/2-1/2

[Event "Early-Titled-Tuesday-Blitz-May-14-2024"]
[Site "Chess.com"]
[Date "2024.05.14"]
[Round "7"]
[White "yuriydovzik"]
[Black "JJDAREK"]
[Result "0-1"]
[WhiteElo "2156"]
[BlackElo "2386"]
[TimeControl "180+1"]
[EndTime "9:19:40 PDT"]
[Termination "JJDAREK won on time"]

1. b3 d5 2. Bb2 Bf5 3. Nf3 e6 4. d3 h6 5. Nbd2 Nf6 6. g3 Be7 7. Bg2 O-O 8. O-O a5 9. Nd4 Bh7 10. e4 dxe4 11. dxe4 c6 12. Re1 a4 13. a3 axb3 14.
cxb3 Nbd7 15. b4 Nb6 16. Rc1 Qd7 17. N2b3 Na4 18. Ba1 Rfd8 19. e5 Nd5 20. Na5 Nab6 21. Qb3 Ra7 22. Ndxc6 bxc6 23. Nxc6 Rda8 24. Nxa7 Qxa7 25.
Bb2 Bg6 26. Rc6 Qa4 27. Bxd5 Nxd5 28. Qxa4 Rxa4 29. Rec1 h5 30. Rc8+ Kh7 31. Re8 h4 32. Rcc8 Be4 33. f4 hxg3 34. hxg3 Kg6 35. Kf2 Ra7 0-1

[Event "Early-Titled-Tuesday-Blitz-May-14-2024"]
[Site "Chess.com"]
[Date "2024.05.14"]
[Round "7"]
[White "th3d4rkness"]
[Black "esrosenberg"]
[Result "0-1"]
[WhiteElo "2170"]
[BlackElo "2332"]
[TimeControl "180+1"]
[EndTime "9:19:42 PDT"]
[Termination "esrosenberg won on time"]

1. e4 c5 2. Nc3 g6 3. d4 cxd4 4. Qxd4 Nf6 5. Bd2 Nc6 6. Qe3 d6 7. O-O-O h5 8. Kb1 a6 9. Nd5 Bg7 10. Bc3 Nxd5 11. exd5 Ne5 12. f4 Ng4 13. Qe1 Bxc3 14.
Qxc3 O-O 15. Qd4 Bf5 16. h3 Nf6 17. Bd3 Qd7 18. Nf3 Rac8 19. Nh4 Bxd3 20. Qxd3 Kg7 21. f5 Qb5 22. Qd2 Qc4 23. Nf3 Ne4 24. Qd4+ Qxd4 25. Rxd4 Ng3 26. Re1 Nxf5 27. Rb4 b5 28. g4 hxg4 29.
hxg4 Nh6 30. Rxe7 Rc4 31. Rxc4 bxc4 32. g5 Nf5 33. Rc7 Rh8 34. a4 Rh1+ 35. Ka2 Ne3 36. Nd4 Nxd5 37. Ne6+ Kg8 38. Rc8+ Kh7 39. Nf8+ Kg7 0-1

[Event "Early-Titled-Tuesday-Blitz-May-14-2024"]
[Site "Chess.com"]
[Date "2024.05.14"]
[Round "7"]
[White "AnnaChessLook"]
[Black "CrushingKings"]
[Result "0-1"]
[WhiteElo "2378"]
[BlackElo "2635"]
[TimeControl "180+1"]
[EndTime "9:19:43 PDT"]
[Termination "CrushingKings won by resignation"]

1. d4 g6 2. c4 Bg7 3. Nc3 d6 4. e4 Nd7 5. h4 e5 6. d5 h5 7. Bg5 f6 8. Be3 Bh6 9. Qd2 a5 10. Nge2 Bxe3 11. Qxe3 Nh6 12. f3 Nc5 13. g3 Bd7 14.
Bh3 f5 15. O-O-O Qe7 16. Kb1 O-O-O 17. Nc1 Rdf8 18. Nd3 fxe4 19. Nxc5 Bxh3 20. Rxh3 dxc5 21. Nxe4 b6 22. Ng5 Nf5 23. Qe4 Rf6 24. Ne6 Re8 25. Qxe5 Nd4 26. f4 Nxe6 27. Re1 Qd7 28. Rhh1 Rf5 29.
dxe6 Qd3+ 30. Ka1 Rxe5 31. Rxe5 Qxg3 32. Rhe1 Qxf4 33. R5e4 Qg3 34. b3 g5 35. hxg5 Qxg5 36.
Re5 Qf6 37. Kb1 h4 38. e7 h3 39. R5e2 Qf5+ 40. Kb2 Qf6+ 41. Kb1 Qg6+ 42. Kb2 Qh7 43. Rf1 Rxe7 44. Rf8+ Kb7 45. Rg2 hxg2 0-1

[Event "Early-Titled-Tuesday-Blitz-May-14-2024"]
[Site "Chess.com"]
[Date "2024.05.14"]
[Round "7"]
[White "Iskusnyh"]
[Black "Acva-Alenok"]
[Result "1-0"]
[WhiteElo "2585"]
[BlackElo "2371"]
[TimeControl "180+1"]
[EndTime "9:19:45 PDT"]
[Termination "Iskusnyh won by resignation"]

1. d4 Nf6 2. c4 e6 3. g3 b6 4. Bg2 d5 5. Nf3 Be7 6. O-O O-O 7. cxd5 exd5 8. Nc3 Bb7 9. Bf4 Na6 10. Qc2 Re8 11. Rad1 c6 12. Ne5 Bd6 13. Qf5 Qc8 14. Qb1 Nh5 15.
e3 Nc7 16. Rc1 Qe6 17. Ne2 Bxe5 18. Bxe5 Nb5 19. Bf3 f6 20. a4 fxe5 21. axb5 Nf6 22. bxc6 Ba6 23. dxe5 Qxe5 24. Rfd1 Bxe2 25. Bxe2 Rac8 26.
Qa2 h5 27. Bf3 h4 28. Bxd5+ Kh8 29. Rd4 hxg3 30. Rh4+ Nh5 31. hxg3 Qg5 32. Bf7 g6 33. Bxe8 Rxe8 34. c7 Rxe3 35. c8=Q+ Kh7 36. Qag8+ 1-0

[Event "Early-Titled-Tuesday-Blitz-May-14-2024"]
[Site "Chess.com"]
[Date "2024.05.14"]
[Round "7"]
[White "Good_Knight_Kiss"]
[Black "Djager97"]
[Result "0-1"]
[WhiteElo "2351"]
[BlackElo "2544"]
[TimeControl "180+1"]
[EndTime "9:19:45 PDT"]
[Termination "Djager97 won by checkmate"]

1. e4 e5 2. Nf3 Nc6 3. Bb5 a6 4.
Ba4 Nf6 5. O-O b5 6. Bb3 Bc5 7. a4 Rb8 8. c3 d6 9. d4 Bb6 10.
a5 Ba7 11. Be3 Bb7 12. dxe5 dxe5 13. Bxa7 Nxa7 14. Nxe5 O-O 15. Qxd8 Rbxd8 16. f3 c5 17. h3 c4 18. Bc2 Rfe8 19. Ng4 Nh5 20. Kf2 Nf4 21. Ne3 Nc6 22. b4 Ne5 23. h4 g6 24.
g3 Nfd3+ 25. Ke2 f5 26. exf5 Nxf3 27. Rxf3 Bxf3+ 28. Kxf3 Ne1+ 29. Kf2 Rxe3 30. fxg6 Nxc2 31. gxh7+ Kxh7 32. Ra2 Rf8+ 33. Kg2 Re2+ 34. Kh3 Rf1 35. Na3 Rh1+ 36. Kg4 Ne3+ 37. Kf3 Rxa2 38. Kxe3 Rxa3 39. Kd4 Rd1+ 40. Kc5 Rxc3 41. Kb6 Rb3 42. Kxa6 Rxb4 43. g4 c3 44. g5 c2 45. h5 c1=Q 46. g6+ Kh6 47. g7 Qc6+ 48. Ka7 Rd7+ 49. Kb8 Qb7# 0-1

[Event "Early-Titled-Tuesday-Blitz-May-14-2024"]
[Site "Chess.com"]
[Date "2024.05.14"]
[Round "7"]
[White "sterpfi"]
[Black "TheoSlade"]
[Result "1/2-1/2"]
[WhiteElo "2327"]
[BlackElo "2441"]
[TimeControl "180+1"]
[EndTime "9:19:46 PDT"]
[Termination "Game drawn - insufficient material"]

1. e4 e5 2. Nf3 Nc6 3. Nc3 Nf6 4.
d4 exd4 5. Nxd4 Bb4 6. Nxc6 bxc6 7. Bd3 d5 8. exd5 O-O 9. O-O cxd5 10. h3 Be6 11. Qf3 c5 12. Bg5 h6 13. Bxf6 Qxf6 14. Qxf6 gxf6 15. Nd1 c4 16. Be2 d4 17. c3 Bc5 18.
cxd4 Bxd4 19. Rc1 Rfc8 20. Nc3 Rab8 21. Rc2 Rb6 22. Rd1 Be5 23. g3 Rcb8 24. Nd5 Rxb2 25. Rxb2 Rxb2 26. Bxc4 Bxh3 27. Ne3 Be6 28. Bb3 Bxb3 29.
axb3 Rxb3 30. Rd8+ Kh7 31. Rd7 a5 32. Rxf7+ Kg6 33.
Ra7 Ra3 34. Nc4 Ra1+ 35. Kg2 a4 36. Nxe5+ fxe5 37. Ra6+ Kg5 38. Kf3 h5 39. Ke4 a3 40.
Kxe5 a2 41. f4+ Kg4 42. Kf6 Kxg3 43. f5 h4 44. Kg5 h3 45. f6 h2 46. Ra3+ Kg2 47.
f7 Rf1 48. Rxa2+ Kg3 49. Rxh2 Kxh2 50. Kg6 Kg3 51. Kg7 Kg4 52. f8=Q Rxf8 53. Kxf8 1/2-1/2

[Event "Early-Titled-Tuesday-Blitz-May-14-2024"]
[Site "Chess.com"]
[Date "2024.05.14"]
[Round "7"]
[White "Anu-triz"]
[Black "InitiatingASC"]
[Result "1/2-1/2"]
[WhiteElo "2304"]
[BlackElo "2417"]
[TimeControl "180+1"]
[EndTime "9:19:46 PDT"]
[Termination "Game drawn by agreement"]

1. Nf3 Nf6 2. g3 c6 3. Bg2 d6 4.
O-O e5 5. d3 Nbd7 6. e4 Be7 7.
Nbd2 O-O 8. Re1 Qc7 9. Nf1 Re8 10.
c3 Nf8 11. Qc2 a5 12. d4 Bg4 13. Be3 Bh5 14. dxe5 dxe5 15. Rad1 Bg6 16. Nh4 Ng4 17. Nxg6 Nxg6 18. h3 Nxe3 19. Nxe3 Bc5 20. Nf5 Ne7 21. Nxe7+ Qxe7 22. h4 Qc7 23. Bh3 Rad8 24. Kg2 Qb6 25. b3 Kf8 26. Rxd8 Rxd8 27. Rd1 Rxd1 28. Qxd1 Qc7 29. Qg4 Qd8 30. Qc8 Qxc8 31. Bxc8 b5 32. Bd7 b4 33. cxb4 axb4 34. Bxc6 Ke7 35. Bd5 f6 36.
Kf1 Kd6 37. Ke2 Bd4 38. h5 Bb2 39. Kd3 Kc5 40. h6 gxh6 41. Bg8 Bc1 42. Bxh7 Bg5 43. Bf5 h5 44. Bg6 h4 45. gxh4 Bxh4 46. f3 Bg5 47. Bf7 Bc1 48. Be6 Bf4 49. Bf7 1/2-1/2

[Event "Early-Titled-Tuesday-Blitz-May-14-2024"]
[Site "Chess.com"]
[Date "2024.05.14"]
[Round "7"]
[White "Tolyanius"]
[Black "ContrVersia"]
[Result "0-1"]
[WhiteElo "2667"]
[BlackElo "2896"]
[TimeControl "180+1"]
[EndTime "9:19:47 PDT"]
[Termination "ContrVersia won by resignation"]

1. e4 c5 2. Nf3 d6 3. d4 cxd4 4. Nxd4 Nf6 5. f3 e5 6. Bb5+ Bd7 7. Bxd7+ Qxd7 8. Nf5 g6 9. Ne3 Nc6 10. Nc3 Bg7 11. O-O Rc8 12. Ncd5 Nxd5 13. Nxd5 Ne7 14. Nxe7 Qxe7 15. Be3 a6 16. Rf2 O-O 17. Rd2 Rc6 18. Qe2 f5 19. Rad1 Qe6 20. Rd5 Rfc8 21. c3 Bf8 22. Qc2 Rc4 23. h3 Be7 24. a4 h5 25.
Qb3 fxe4 26. fxe4 Rxe4 27. Bf2 Rf8 28. Qxb7 Rxa4 29. R5d3 Raf4 30. Be3 Ra4 31. Bh6 Rf7 32. Rg3 Kh7 33. Qc6 Rc4 34. Qxa6 Kxh6 35. Rgd3 Rcf4 36. b4 Qf5 37. Re3 Qc2 38. Rde1 Rf2 39. Qc6 Bg5 40. Rg3 Qd2 41. Qe4 R2f4 42. Qe2 Qxe2 43. Rxe2 Rf1+ 44. Kh2 Bf4 0-1

[Event "Early-Titled-Tuesday-Blitz-May-14-2024"]
[Site "Chess.com"]
[Date "2024.05.14"]
[Round "7"]
[White "PeshkaCh"]
[Black "GelmanAlexander"]
[Result "0-1"]
[WhiteElo "2861"]
[BlackElo "2675"]
[TimeControl "180+1"]
[EndTime "9:19:48 PDT"]
[Termination "GelmanAlexander won by checkmate"]

1. Nf3 c5 2. c4 e6 3. Nc3 Nf6 4. g3 a6 5. Bg2 Be7 6. O-O O-O 7. b3 d6 8. Bb2 Nbd7 9. d4 cxd4 10. Nxd4 Qc7 11. Rc1 Ne5 12. Qd2 Bd7 13. Rfd1 Rfd8 14. h3 Rac8 15. e3 Qb8 16. Qe2 h6 17. Kh2 Qc7 18. f4 Ng6 19. e4 Qb8 20. Rf1 Rf8 21. Rcd1 Rfe8 22. Rd3 b5 23. cxb5 axb5 24. Rdf3 b4 25. Na4 d5 26. f5 exf5 27. Nxf5 Bb5 28. Qd2 Bxf1 29. Rxf1 dxe4 30. Qe3 Rc2 31. Kh1 Bd8 32.
Nd4 Rc8 33. Nf5 Rc2 34. Nd4 Rxb2 35. Nxb2 Bb6 36. Nc4 Bc5 37. Rd1 Rd8 38. h4 Ng4 39. Qg1 Qxg3 40. Nf5 Rxd1 41. Qxd1 Qh2# 0-1

[Event "Early-Titled-Tuesday-Blitz-May-14-2024"]
[Site "Chess.com"]
[Date "2024.05.14"]
[Round "7"]
[White "zozik"]
[Black "Aleksandar-Topalov"]
[Result "1/2-1/2"]
[WhiteElo "2333"]
[BlackElo "2468"]
[TimeControl "180+1"]
[EndTime "9:19:48 PDT"]
[Termination "Game drawn by repetition"]

1. d4 e6 2. Nf3 Nf6 3. g3 b6 4. Bg2 Bb7 5. O-O Be7 6. c4 c5 7. d5 exd5 8. Nh4 O-O 9. Nf5 Re8 10.
Nxe7+ Qxe7 11. cxd5 Qxe2 12. Nc3 Qxd1 13. Rxd1 a6 14. Bg5 d6 15. Bf4 Rd8 16. Re1 Kf8 17. Re2 Ne8 18. Rae1 Nd7 19. Ne4 Bxd5 20. Nxd6 Bxg2 21. Kxg2 Ndf6 22. Nxe8 Rxe8 23. Bc7 Rxe2 24. Rxe2 Nd5 25. Bd6+ Kg8 26. Re5 Nb4 27. Bc7 b5 28. Rxc5 Nxa2 29. Ba5 h6 30. Rc2 b4 31. Rc4 Rb8 32.
Rc6 b3 33. Rxa6 f6 34. Ra7 Nc1 35. h4 Nd3 36. Bc3 Nc5 37. h5 Ne4 38. Bd4 Rb4 39.
Rd7 Rc4 40. Rd5 Kf7 41. Kf3 Ng5+ 42. Ke3 Ne6 43. Bc3 Nc5 44. Bd4 Ne6 45. Bc3 Nc5 46. Bd4 Ne6 1/2-1/2

[Event "Early-Titled-Tuesday-Blitz-May-14-2024"]
[Site "Chess.com"]
[Date "2024.05.14"]
[Round "7"]
[White "ulises2013"]
[Black "Saxar85"]
[Result "0-1"]
[WhiteElo "2904"]
[BlackElo "2795"]
[TimeControl "180+1"]
[EndTime "9:19:49 PDT"]
[Termination "Saxar85 won on time"]

1. e4 e5 2. g3 Nf6 3. Bg2 Bc5 4. Ne2 c6 5. O-O d5 6. exd5 cxd5 7. d4 exd4 8. Nxd4 O-O 9. Nc3 Bg4 10. Qd3 Nc6 11. Nb3 Bb6 12. Bg5 Ne5 13. Qd2 Nf3+ 14. Bxf3 Bxf3 15. Nd4 Bg4 16. Rfe1 h6 17. Bf4 Re8 18. Rxe8+ Qxe8 19. Re1 Qd7 20. Be5 Ne4 21. Nxe4 dxe4 22. Rxe4 Re8 23. Nb3 f6 24. Rxg4 Qxg4 25. Bd4 Re2 26.
Qd3 Re1+ 27. Kg2 Qd1 28. Qxd1 Rxd1 29. Bc3 Kf7 30. a4 a6 31. h4 h5 32. Bd2 Ke6 33. a5 Ba7 34. Bc3 g5 35. hxg5 fxg5 36. Bd2 Kf5 37. f3 Rb1 38. Bc3 g4 39. fxg4+ hxg4 40. Nd2 Rc1 0-1

[Event "Early-Titled-Tuesday-Blitz-May-14-2024"]
[Site "Chess.com"]
[Date "2024.05.14"]
[Round "7"]
[White "Sosat98"]
[Black "emiliocordova"]
[Result "0-1"]
[WhiteElo "2760"]
[BlackElo "2906"]
[TimeControl "180+1"]
[EndTime "9:19:49 PDT"]
[Termination "emiliocordova won by resignation"]

1. e4 c5 2. Nc3 a6 3. g3 b5 4. Bg2 Bb7 5. d3 e6 6. Nh3 Be7 7. O-O h5 8. f4 h4 9. g4 d5 10. f5 d4 11. fxe6 fxe6 12. Ne2 e5 13. c3 Nc6 14. cxd4 Nxd4 15. Be3 Nf6 16. Nc3 Qd7 17. g5 Ng4 18. Bc1 Rf8 19. Rxf8+ Kxf8 20. Nd5 Bxd5 21. exd5 Kg8 22. Bf3 Nxf3+ 23. Qxf3 Rf8 24.
Qe4 c4 25. d4 exd4 26. Qxd4 Qf5 27. Bf4 Bxg5 28. Bxg5 Ne5 29. Qf2 Qxh3 30. Qg2 Nf3+ 31. Kh1 Qxg2+ 32. Kxg2 Nxg5 33. Rd1 Rf3 34. d6 h3+ 35.
Kg1 Ne6 36. Re1 Kf7 37. a4 Rd3 38. axb5 axb5 39. Re5 Rxd6 40. Rxb5 Rd2 41. Rf5+ Kg6 42. Rf3 Ng5 43. Rc3 Rxb2 44. Kf1 Rxh2 45. Rxc4 Rb2 46. Rh4 h2 47. Rh8 Nh7 48. Rxh7 Kxh7 0-1

[Event "Early-Titled-Tuesday-Blitz-May-14-2024"]
[Site "Chess.com"]
[Date "2024.05.14"]
[Round "7"]
[White "rollercoaster29"]
[Black "bazar-wokzal"]
[Result "0-1"]
[WhiteElo "2451"]
[BlackElo "2613"]
[TimeControl "180+1"]
[EndTime "9:19:49 PDT"]
[Termination "bazar-wokzal won by checkmate"]

1. e4 Nc6 2. d4 d5 3. e5 h5 4.
Nf3 Bg4 5. Be3 Qd7 6. h3 Bxf3 7. Qxf3 f6 8. Bd3 O-O-O 9. e6 Qd6 10. Nc3 Kb8 11. O-O Qxe6 12. Rfe1 Qd7 13. b4 e5 14. Bf5 Qf7 15. b5 Nxd4 16. Bxd4 exd4 17. Be6 Qg6 18. Nxd5 Bd6 19. a4 h4 20. a5 Qh5 21. Bg4 Qg5 22.
a6 Nh6 23. Nb4 Qxb5 24. Nd3 Nxg4 25. Reb1 Qd5 26. Rxb7+ Kc8 27. Qxg4+ f5 28. Qe2 Rhe8 29. Qd2 g5 30. Rxa7 g4 31. Rb1 gxh3 32. Rab7 Qxg2# 0-1

[Event "Early-Titled-Tuesday-Blitz-May-14-2024"]
[Site "Chess.com"]
[Date "2024.05.14"]
[Round "7"]
[White "Yan_Dyomin2010"]
[Black "Szparu"]
[Result "0-1"]
[WhiteElo "2690"]
[BlackElo "2863"]
[TimeControl "180+1"]
[EndTime "9:19:52 PDT"]
[Termination "Szparu won by resignation"]

1. e4 c5 2. Nf3 a6 3. c3 e6 4.
d4 d5 5. e5 Bd7 6. Bd3 cxd4 7.
cxd4 Bb5 8. Nc3 Bxd3 9. Qxd3 Nc6 10. O-O Rc8 11. h4 Nge7 12. Bg5 h6 13. Bxe7 Bxe7 14. g3 Na5 15. Rac1 Qd7 16. b3 O-O 17. Na4 Qb5 18.
Qxb5 axb5 19. Nb6 Rxc1 20. Rxc1 Nc6 21. a4 bxa4 22. Nxa4 Rc8 23. Kf1 Kf8 24. Ke1 Ke8 25. Kd1 Kd8 26. Nc5 Kc7 27. b4 Kb6 28. Rb1 Ra8 29. Nd3 Kb5 30. Rb2 Ra3 31. Ke2 Nxb4 32.
Nfe1 Ra2 33. Rxa2 Nxa2 34. Ng2 Kc4 35. Ke3 b5 36. Ngf4 b4 37. Nh5 g6 38. Ng7 b3 39. h5 g5 40. Ne8 Kc3 41. Nd6 Nb4 42. Nb5+ Kc4 43. Na3+ Kc3 44. Nb5+ Kc2 45. Na3+ Kd1 0-1

[Event "Early-Titled-Tuesday-Blitz-May-14-2024"]
[Site "Chess.com"]
[Date "2024.05.14"]
[Round "7"]
[White "Raskolnikov6"]
[Black "ChessSwole"]
[Result "1/2-1/2"]
[WhiteElo "2447"]
[BlackElo "2600"]
[TimeControl "180+1"]
[EndTime "9:19:54 PDT"]
[Termination "Game drawn by repetition"]

1. d4 d5 2. c4 dxc4 3. Nf3 Nf6 4.
e3 e6 5. Bxc4 a6 6. O-O c5 7. e4 b5 8. Bb3 Bb7 9. e5 Nd5 10. Nc3 cxd4 11. Nxd5 Bxd5 12. Bxd5 Qxd5 13. Qxd4 Qxd4 14. Nxd4 Bc5 15. Be3 Bxd4 16. Bxd4 O-O 17.
Bc5 Rc8 18. Rac1 Nc6 19. Bd6 f6 20. f4 Kf7 21. Kf2 Nd4 22. g4 h5 23. h3 hxg4 24. hxg4 Kg6 25. Ke3 Nc6 26. f5+ Kf7 27. exf6 gxf6 28.
Rh1 Kg7 29. fxe6 Na5 30. Rxc8 Rxc8 31. Ke4 Nc4 32. Bf4 Nxb2 33. g5 Na4 34. gxf6+ Kxf6 35. Rh6+ Ke7 36. Bg5+ Kd6 37. e7+ Kd7 38. Kf5 Nc5 39.
Rh1 Nb7 40. Rd1+ Nd6+ 41. Ke5 Rc5+ 42. Kf4 Rc4+ 43. Ke5 Rc5+ 44. Kf4 Rc6 45. Ke5 Rc5+ 1/2-1/2

[Event "Early-Titled-Tuesday-Blitz-May-14-2024"]
[Site "Chess.com"]
[Date "2024.05.14"]
[Round "7"]
[White "AryanTari"]
[Black "ketster"]
[Result "1-0"]
[WhiteElo "3040"]
[BlackElo "2650"]
[TimeControl "180+1"]
[EndTime "9:19:55 PDT"]
[Termination "AryanTari won on time"]

1. e4 c5 2. Nf3 Nf6 3. e5 Nd5 4. g3 d6 5. exd6 e6 6. Bg2 Bxd6 7. O-O Nc6 8. d4 cxd4 9. Nxd4 O-O 10. Nxc6 bxc6 11.
c4 Ne7 12. Nc3 Rb8 13. b3 Be5 14. Qe1 Bd4 15. Bf4 Rb6 16. Rd1 c5 17. Ne4 Bd7 18. Bd6 Rxd6 19. Nxd6 Bc6 20. Nb5 Bxg2 21. Kxg2 Qa8+ 22.
Kg1 Nc6 23. Qe4 e5 24. Kg2 f5 25. Qd5+ Kh8 26. Nd6 h6 27. f3 f4 28. g4 Nb4 29.
Qxa8 Rxa8 30. Rd2 a5 31. Re2 Kg8 32. Nb5 a4 33. Rfe1 axb3 34. axb3 Kh7 35. h4 h5 36.
gxh5 Ra6 37. Kh3 Kh6 38. Kg4 Kh7 39. Rxe5 Bxe5 40. Rxe5 Nd3 41. Re7 Ra2 42. Nd6 Rg2+ 43. Kf5 Rg3 44. Nf7 Nf2 45. Re8 g6+ 46. hxg6+ Rxg6 47. Ng5+ Kg7 48. Re7+ Kf8 49. Rf7+ Kg8 50. Kxg6 1-0

[Event "Early-Titled-Tuesday-Blitz-May-14-2024"]
[Site "Chess.com"]
[Date "2024.05.14"]
[Round "7"]
[White "TenisMaster"]
[Black "RuperezA"]
[Result "1-0"]
[WhiteElo "2906"]
[BlackElo "2671"]
[TimeControl "180+1"]
[EndTime "9:19:55 PDT"]
[Termination "TenisMaster won by resignation"]

1. e4 e6 2. d4 d5 3. e5 c5 4. c3 Qb6 5. Nf3 Nc6 6. a3 Nh6 7. b4 cxd4 8. cxd4 Nf5 9. Be3 Be7 10. Bd3 Nxe3 11. fxe3 f5 12. exf6 Bxf6 13. Nc3 O-O 14. O-O Bd7 15. Na4 Qd8 16. Nc5 b6 17. Nxd7 Qxd7 18.
Rc1 Qd6 19. Qc2 Rac8 20. Bxh7+ Kh8 21. Qg6 Nxd4 22. exd4 Bxd4+ 23. Kh1 Rxc1 24. Rxc1 Qf4 25. Rd1 Rf6 26. Qc2 Be5 27. Bd3 Bd6 28. Qc8+ Bf8 29.
Qe8 Qe3 30. Qh5+ Kg8 31. Bh7+ Kh8 32. Bg6+ Qh6 33. Qxh6+ gxh6 34. Bd3 a5 35. bxa5 bxa5 36. a4 Rf4 37. Bb5 Bb4 38. Ne5 Re4 39. Nd3 Bc3 40. g3 e5 41. Nc5 Rd4 42. Rxd4 Bxd4 43. Ne6 Bc3 44. Nc7 d4 45. Bd3 Kg7 46. Kg2 Kf6 47.
Nd5+ Ke6 48. Nxc3 dxc3 49. Kf3 Kd5 50. Ke3 Kc5 51. g4 Kb4 52. Bc2 Ka3 53. h4 Kb2 54. Be4 c2 55. Bxc2 Kxc2 56. g5 hxg5 57. hxg5 Kb3 58.
g6 Kxa4 59. g7 Kb3 60. g8=Q+ Kb4 61. Qb8+ Ka4 1-0

[Event "Early-Titled-Tuesday-Blitz-May-14-2024"]
[Site "Chess.com"]
[Date "2024.05.14"]
[Round "7"]
[White "becemix"]
[Black "dontcatchmeifyoucant"]
[Result "1-0"]
[WhiteElo "2594"]
[BlackElo "2421"]
[TimeControl "180+1"]
[EndTime "9:19:57 PDT"]
[Termination "becemix won by resignation"]

1. e4 c6 2. c4 d5 3. cxd5 cxd5 4. exd5 Nf6 5. Qa4+ Nbd7 6. Nc3 g6 7. Bc4 Bg7 8. d3 O-O 9. Nf3 a6 10. Qa3 Rb8 11. Bf4 Ra8 12. Rg1 Nb6 13. Qb3 Bg4 14. Ne5 Rc8 15. h3 Bd7 16. O-O-O Na4 17. Nxd7 Nxc3 18. Nxf6+ Bxf6 19. bxc3 b5 20. Kc2 bxc4 21. dxc4 Qa5 22. a4 Rc5 23. Be3 Rfc8 24. Bxc5 Qxc5 25. Rd2 Qd6 26. Rb1 Qe5 27. f3 Qf4 28. Rd3 Kg7 29.
Re1 Rxc4 30. Re2 Qc7 31. Re4 Rc5 32. Rb4 Qg3 33. Rc4 Qxg2+ 34. Rd2 Qxf3 35. Rxc5 Qe4+ 36.
Kc1 Qe1+ 37. Qd1 Qe3 38. Rc4 Bxc3 39. Kc2 Bxd2 40. Qxd2 Qe5 41. Qd4 Qxd4 42. Rxd4 1-0

[Event "Early-Titled-Tuesday-Blitz-May-14-2024"]
[Site "Chess.com"]
[Date "2024.05.14"]
[Round "7"]
[White "campochess"]
[Black "EvgenyBurmakin"]
[Result "0-1"]
[WhiteElo "2108"]
[BlackElo "2322"]
[TimeControl "180+1"]
[EndTime "9:19:57 PDT"]
[Termination "EvgenyBurmakin won by resignation"]

1. e4 c5 2. b4 cxb4 3. d4 e6 4. Nf3 b6 5. Bd3 Bb7 6. Nbd2 Ne7 7. O-O Ng6 8. Re1 Be7 9. a3 bxa3 10. Bxa3 O-O 11.
Bb2 Nc6 12. e5 Nb4 13. Be4 Qc7 14. Bxb7 Qxb7 15. Ne4 Rfc8 16. c3 Nd5 17. Nfg5 h6 18.
Nh3 b5 19. Qb3 a5 20. Nd6 Bxd6 21. exd6 a4 22. Qa3 Rc6 23. Rab1 Rac8 24. f3 Qa6 25. Nf2 Nxc3 26. Rbc1 Ne2+ 27. Rxe2 Rxc1+ 28. Bxc1 b4 29. Qb2 Rxc1+ 30. Qxc1 Qxe2 31. h4 Qb5 32. h5 Nf8 33. Ne4 a3 34. Nc5 Qc6 35. Qc4 Qxd6 36. Qxb4 a2 37.
Nb3 Qd5 38. Na1 Qxh5 39. Qb3 Qd5 40. Qxd5 exd5 41. Kf2 Ne6 42. Ke3 f5 43. g3 g5 44.
Kd3 h5 45. Kc3 h4 46. gxh4 gxh4 0-1

[Event "Early-Titled-Tuesday-Blitz-May-14-2024"]
[Site "Chess.com"]
[Date "2024.05.14"]
[Round "7"]
[White "ATM622"]
[Black "vovachesss"]
[Result "0-1"]
[WhiteElo "2544"]
[BlackElo "2814"]
[TimeControl "180+1"]
[EndTime "9:19:58 PDT"]
[Termination "vovachesss won by resignation"]

1. d4 d5 2. c4 c6 3. Nf3 Nf6 4. Nbd2 Bf5 5. Nh4 Be6 6. e3 c5 7.
Qb3 Qc7 8. dxc5 Nc6 9. Nhf3 O-O-O 10. Be2 dxc4 11. Bxc4 Na5 12. Bxe6+ Kb8 13. Qc3 fxe6 14. Nd4 Nd5 15. Qa3 Rc8 16. b4 Nc6 17. Nxe6 Qe5 18. Bb2 Qxe6 19. b5 Ncb4 20. Rc1 Nf4 21. Rc4 Qxc4 22.
Nxc4 Nc2+ 23. Kf1 Nxa3 24. Bxa3 Nd3 25. Ke2 Nxc5 26. Ne5 e6 27. Rc1 Bd6 28. Nf7 Ne4 29.
Rxc8+ Rxc8 30. Nxd6 Rc2+ 31. Kf3 Rxa2 32. Bb4 Nxd6 33. Bxd6+ Kc8 34. Ke4 Rxf2 35. Ke5 Kd7 36. Bc5 b6 37. Bd4 Rxg2 38. Kf4 Rxh2 39. Bxg7 Rh1 40.
Ke5 Rb1 41. Kd4 Rxb5 42. e4 Kc6 43. Kc4 a5 44. e5 a4 0-1

[Event "Early-Titled-Tuesday-Blitz-May-14-2024"]
[Site "Chess.com"]
[Date "2024.05.14"]
[Round "7"]
[White "Arhan_Anand"]
[Black "Der_Balak_3Halak"]
[Result "1-0"]
[WhiteElo "2640"]
[BlackElo "2398"]
[TimeControl "180+1"]
[EndTime "9:19:59 PDT"]
[Termination "Arhan_Anand won by resignation"]

1. d4 d5 2. c4 c6 3. Nc3 Nf6 4.
e3 Bf5 5. cxd5 cxd5 6. Qb3 e6 7. Qxb7 Nbd7 8. Bb5 Bd6 9. Nf3 O-O 10. Qa6 Qe7 11. O-O Rab8 12. Qa4 a6 13.
Be2 Ne4 14. Nxe4 Bxe4 15. h3 f5 16. Nd2 Bxg2 17. Kxg2 Qg5+ 18. Kh1 Qh4 19. Kg2 Rf6 20. Rh1 Rg6+ 21. Kf1 Qg5 22. Bf3 Nf6 23. Qxa6 Rd8 24. Qe2 Ne4 25. h4 Qf6 26. Ke1 Rh6 27. h5 g5 28. Bxe4 fxe4 29. a3 Rf8 30. Nf1 Kh8 31. Bd2 g4 32. Bc3 Qg5 33. Kd1 Rxh5 34. Rxh5 Qxh5 35. Be1 Qh1 36. Kc2 h5 37. Rd1 Rf3 38. Qa6 Bf8 39. Ng3 Rxg3 40. fxg3 Qg2+ 41. Rd2 h4 42. Rxg2 h3 43. Rh2 1-0

[Event "Early-Titled-Tuesday-Blitz-May-14-2024"]
[Site "Chess.com"]
[Date "2024.05.14"]
[Round "7"]
[White "Let_it_be_1"]
[Black "emeli_chess"]
[Result "1-0"]
[WhiteElo "2621"]
[BlackElo "2435"]
[TimeControl "180+1"]
[EndTime "9:20:02 PDT"]
[Termination "Let_it_be_1 won by resignation"]

1. e4 e5 2. Nf3 Nc6 3. Bb5 a6 4. Ba4 Nf6 5. d4 exd4 6. O-O d6 7. Nxd4 Bd7 8. Bxc6 bxc6 9. Qf3 c5 10. Nf5 Bxf5 11.
Qxf5 Be7 12. Nc3 O-O 13. Bg5 Nd7 14. Bxe7 Qxe7 15. Nd5 Qd8 16. Rad1 Rb8 17. b3 Nb6 18. e5 Nxd5 19. Rxd5 c4 20. Rfd1 cxb3 21. axb3 Qc8 22. Qxc8 Rbxc8 23. exd6 cxd6 24. c4 Rb8 25. R1d3 g6 26.
Rxd6 a5 27. g3 a4 28. bxa4 Rb4 29. Ra3 Rxc4 30. a5 Ra8 31. a6 Rb4 32. Rd7 Rb6 33.
a7 Kg7 34. Rc7 h5 35. h4 Kg8 36. Rf3 f6 37. Re3 Ra6 38. Ree7 g5 39. Rg7+ Kh8 40. Rh7+ Kg8 41. Rcg7+ Kf8 42. Rb7 Kg8 43. Rhc7 gxh4 44. Rb8+ 1-0

[Event "Early-Titled-Tuesday-Blitz-May-14-2024"]
[Site "Chess.com"]
[Date "2024.05.14"]
[Round "7"]
[White "capatl"]
[Black "Josgar05"]
[Result "0-1"]
[WhiteElo "2596"]
[BlackElo "2441"]
[TimeControl "180+1"]
[EndTime "9:20:03 PDT"]
[Termination "Josgar05 won by resignation"]

1. c4 c6 2. d4 d5 3. e3 Nf6 4. Nf3 e6 5. Nc3 Bd6 6. Qc2 O-O 7. b3 Nbd7 8. Bb2 Re8 9. Bd3 c5 10. cxd5 exd5 11. O-O a6 12. dxc5 Nxc5 13. Be2 b5 14. Rad1 Bb7 15. Nd4 Rc8 16. Qd2 g6 17. Bf3 Bb8 18. g3 b4 19. Nce2 a5 20. Rc1 Nfe4 21. Qd1 h5 22. Nf4 h4 23. Bxe4 Nxe4 24. Qg4 hxg3 25.
hxg3 Qg5 26. Rxc8 Rxc8 27. Qxg5 Nxg5 28. Rc1 Rxc1+ 29. Bxc1 Ne4 30. Bb2 Be5 31. Nd3 Bg7 32. Kg2 Ba6 33. Nf4 Bb7 34. f3 Nc3 35. Bxc3 bxc3 36.
Nc2 g5 37. Nd3 Ba6 38. Nc5 Be2 39. Kf2 Bd1 40. Ne1 c2 41. Ned3 Bb2 42. Nb7 c1=Q 43.
Nxc1 Bxc1 44. Nxa5 Ba3 45. Nb7 Bc2 46. Nd8 Bb1 47.
Nc6 Bxa2 48. b4 Bc4 49. b5 Bxb5 50. Nd4 Bd7 51. f4 gxf4 52. gxf4 Kg7 53. Nf3 Bb2 54.
Nd2 Kf6 55. Nb3 Ba4 56. Nc5 Bc2 57. Nd7+ Kf5 58. Nc5 d4 59. exd4 Bxd4+ 60. Kf3 Bxc5 0-1